 Dungeon Crawl Stone Soup version 0.28-a0-544-g207b005307 (webtiles) character file.

Game seed: 14089486442951000698

0 EnegeticOcto the Skirmisher (level 1, 0/18 HPs)
             Began as a Formicid Chaos Knight on Sept 28, 2021.
             Was a Plaything of Xom.
             Slain by a giant cockroach (2 damage)
             ... on level 1 of the Dungeon.
             The game lasted 00:00:18 (30 turns).

EnegeticOcto the Skirmisher (Formicid Chaos Knight)   Turns: 30, Time: 00:00:18

Health: 0/18       AC:  5    Str: 16    XL:     1   Next: 11%
Magic:  1/1        EV: 11    Int: 11    God:    Xom [..*...]
Gold:   0          SH:  0    Dex: 10    Spells: 0/0 levels left

rFire   . . .      SeeInvis +   a - +0 spear (chaos)
rCold   . . .      Faith    .   (no shield)
rNeg    . . .      Spirit   .   b - +2 leather armour
rPois   .          Reflect  .   (helmet unavailable)
rElec   .          Harm     .   (no cloak)
rCorr   .          Rampage  .   (no gloves)
Will    .....                   (no boots)
Stlth   +.........              (no amulet)
HPRegen 0.06/turn               (no ring)
MPRegen 0.07/turn               (no ring)

@: no status effects
A: permanent stasis, dig shafts and tunnels, antennae 3, four strong arms
a: Dig, Shaft Self, Renounce Religion


You were on level 1 of the Dungeon.
You worshipped Xom.
You were a toy of Xom.
You visited 1 branch of the dungeon, and saw 1 of its levels.

Inventory:

Hand Weapons
 a - a +0 spear of chaos (weapon)
Armour
 b - a +2 leather armour (worn)


   Skills:
 - Level 3.2 Fighting
 - Level 3.0 Polearms
 - Level 2.1 Armour
 - Level 0.8 Dodging
 + Level 0.3 Stealth


You couldn't memorise any spells.
You didn't know any spells.
Your spell library was empty.

Dungeon Overview and Level Annotations

Branches:
Dungeon (1/15)

Altars:


Innate Abilities, Weirdness & Mutations

You cannot be hasted, slowed, berserked, paralysed or teleported.
You can dig through walls and to a lower floor.
You have a pair of large antennae on your head. (SInv)
Your four strong arms can wield two-handed weapons with a shield.


Message History

Welcome, EnegeticOcto the Formicid Chaos Knight.
Will you prevail where others failed? Will you find the Orb of Zot?
Xom says: A new plaything!
Press ? for a list of commands and other information.
Found a scroll labelled AXEYMI CILUO.
Found a staircase leading out of the dungeon.
You sense a monster nearby.
A giant cockroach comes into view.
Found 4 boomerangs.
A bat, a rat and an endoplasm come into view.
The endoplasm quivers.
The bat barely misses you.
You completely miss the giant cockroach.
The bat hits you but does no damage.
The rat twitches its whiskers.
The giant cockroach closely misses you.
You hit the giant cockroach but do no damage.
The giant cockroach bites you.
You barely miss the giant cockroach. The bat misses you.
The giant cockroach closely misses you.
You hit the giant cockroach but do no damage.
The bat hits you.
The giant cockroach bites you but does no damage.
You hit the giant cockroach but do no damage.
The bat barely misses you.
The giant cockroach bites you but does no damage.
The rat closely misses you. The endoplasm closely misses you.
The bat hits you but does no damage.
You barely miss the giant cockroach. The bat hits you but does no damage.
The giant cockroach closely misses you. The rat closely misses you.
The endoplasm barely misses you.
You closely miss the giant cockroach. The giant cockroach bites you.
The bat hits you but does no damage. The rat barely misses you.
The endoplasm barely misses you.
The giant cockroach bites you but does no damage.
You hit the giant cockroach but do no damage.
The bat hits you but does no damage. x2; The rat bites you.
The endoplasm closely misses you. The giant cockroach closely misses you.
You are too injured to fight recklessly!
You are too injured to fight recklessly!
You are too injured to fight recklessly!
You are too injured to fight recklessly!
You are too injured to fight recklessly!
You are too injured to fight recklessly!
You are too injured to fight recklessly!
You are too injured to fight recklessly!
You are too injured to fight recklessly!
You are too injured to fight recklessly!
You are too injured to fight recklessly!
You are too injured to fight recklessly!
You are too injured to fight recklessly!
You are too injured to fight recklessly!
You hit the endoplasm. You freeze the endoplasm.
The endoplasm is moderately wounded.
The bat hits you but does no damage. The rat closely misses you.
The endoplasm barely misses you. The giant cockroach misses you.
The bat barely misses you. The bat closely misses you.
The rat closely misses you. The endoplasm freezes you.
You are frozen.
The bat completely misses you. The endoplasm freezes you.
You are frozen.
* * * LOW HITPOINT WARNING * * *
The bat hits you.
* * * LOW HITPOINT WARNING * * *
The bat hits you but does no damage.
The giant cockroach bites you but does no damage.
The bat completely misses you. The bat barely misses you.
The bat completely misses you. The bat barely misses you. x2
You hit the bat.
The bat flickers and vanishes for a moment.
The bat is moderately wounded.
The bat hits you but does no damage. x2
You barely miss the bat.
The bat is moderately wounded.
The bat barely misses you. x2
You hit the bat.
You kill the bat!
A kobold comes into view. It is wielding a +0 short sword.
The rat bites you but does no damage.
You barely miss the rat.
The giant cockroach bites you but does no damage.
The endoplasm jiggles.
The rat closely misses you.
You hit the rat but do no damage.
The rat seems to grow stronger.
The giant cockroach bites you but does no damage.
The rat closely misses you.
You hit the rat but do no damage.
The rat seems to slow down.
The giant cockroach misses you.
The kobold throws a stone.
The stone hits you but does no damage.
You hit the rat. You burn the rat.
You kill the rat!
The giant cockroach barely misses you. The giant cockroach bites you.
You die...

....... .......
....... ..........##
#.......K...#
#...(.......#
#...........##
#..........@.#
#..........#B#{ .. #.
♣P.....##J# ....
#♣.♣♣.......#.#.$...
♣............?.......
♣♣PP...P..♣...........
...♣.P...P...P........
♣...........♣♣........
♣...P.....P...........


You could see an endoplasm, a giant cockroach and a kobold.

Vanquished Creatures
  A bat (D:1)
  A rat (D:1)
2 creatures vanquished.

Notes
Turn   | Place    | Note
-------+----------+-------------------------------------------
     0 | D:1      | EnegeticOcto the Formicid Chaos Knight began the quest for
                  | the Orb.
     0 | D:1      | Reached XP level 1. HP: 18/18 MP: 1/1
    30 | D:1      | Slain by a giant cockroach

Illustrated notes

Levels and vault maps discovered:
D:1:      wander_arrival_fairy_ring, layout_basic

Action                   || total
-------------------------++-------
Melee: Spear             ||    16
Armor: Leather armour    ||    18
Dodge: Dodged            ||    32

Table legend: (Time is in decaauts)
 A = Elapsed time spent in this place.
 B = Non-inter-level travel time spent in this place.
 C = Inter-level travel time spent in this place.
 D = Time resting spent in this place.
 E = Time spent auto-exploring this place.
 F = Levels seen in this place.
 G = Mean time per level.
                   A        B        C        D        E       F      G
               +--------+--------+--------+--------+--------+-----+--------+
         Total |     29 |     29 |      0 |      0 |      2 |   1 |   29.0 |
       Dungeon |     29 |     29 |      0 |      0 |      2 |   1 |   29.0 |
               +--------+--------+--------+--------+--------+-----+--------+

Top non-repeatable levels by time:
     D:1: 29 daAuts
